 Dungeon Crawl Stone Soup version 0.31-a0-963-ga325b2283a (webtiles) character file.

Game seed: 5537485862608102342

79 Fodor the Covered (level 4, -11/40 HPs)
             Began as a Minotaur Fighter on Oct 24, 2023.
             Killed by divine providence
             ... invoked by an orc priest
              (15 damage)
             ... on level 3 of the Dungeon.
             The game lasted 00:06:51 (1728 turns).

Fodor the Covered (Minotaur Fighter)                Turns: 1728, Time: 00:06:51

Health: -11/40     AC:  7    Str: 23    XL:     4   Next: 17%
Magic:  3/3        EV:  9    Int:  5    God:
Gold:   64         SH:  4    Dex:  9    Spells: 3/3 levels left

rFire   . . .        a - +0 war axe
rCold   . . .        c - +0 buckler
rNeg    . . .        b - +0 scale mail
rPois   .            (helmet restricted)
rElec   .            (no cloak)
rCorr   .            (no gloves)
SInv    .            (no boots)
Will    .....        (no amulet) Stlth
                     (no ring)
HPRegen 0.26/turn    (no ring)
MPRegen 0.08/turn

%: no passive effects
@: no status effects
A: horns 2, retaliatory headbutt
a: no special abilities


You were on level 3 of the Dungeon.
You visited 1 branch of the dungeon, and saw 3 of its levels.

You collected 64 gold pieces.

Inventory:

Hand Weapons
 a - a +0 war axe (weapon)
Missiles
 n - 2 javelins
Armour
 b - a +0 scale mail (worn)
 c - a +0 buckler (worn)
Jewellery
 i - a ring of protection from cold
Scrolls
 e - a scroll of brand weapon {unknown}
 g - 2 scrolls of teleportation {unknown}
 h - 2 scrolls of poison {unknown}
 m - 2 scrolls of identify {unknown}
 o - a scroll of immolation {unknown}
Potions
 d - 2 potions of might
 f - 2 potions of cancellation {unknown}
 j - a potion of degeneration {unknown}
 k - 3 potions of curing {unknown}
 l - a potion of ambrosia {unknown}
 p - a potion of mutation {unknown}


   Skills:
 + Level 4.1 Fighting
 + Level 3.2 Axes
 + Level 4.4 Armour
 + Level 1.1 Dodging
 + Level 0.1 Stealth
 + Level 4.2 Shields


You had 3 spell levels left.
You didn't know any spells.
Your spell library contained the following spells:

 Spells                   Type           Power      Damage    Failure   Level
 Necrotise                Necr           0%         1d4       83%         1
 Vampiric Draining        Necr           0%         2d6       99%         3
 Agony                    Necr           0%         N/A       100%        5


Dungeon Overview and Level Annotations

Branches:
Dungeon (3/15)

Altars:


Innate Abilities, Weirdness & Mutations

You have a pair of horns on your head.
You reflexively headbutt those who attack you in melee.


Message History

You headbutt the goblin.
You kill the goblin!
The frilled lizard attacks as it pursues you!
The frilled lizard bites you.
You closely miss the adder. You hit the frilled lizard.
You kill the frilled lizard!
You feel sick. The adder bites you but does no damage.
An orc comes into view. It is wielding a +0 flail.
An orc comes into view. It is wielding a +0 club.
An orc comes into view. It is wielding a +5 hand axe.
You block the adder's attack.
An orc priest comes into view. It is wielding a +0 whip.
The orc priest shouts!
The orc shouts!
You slash the adder! You headbutt the adder.
You kill the adder!
You hit the worm.
You feel sick.
You hear a shout!
The worm bites you.
You have reached level 4!
You feel stronger.
You hit the worm.
The worm is heavily wounded.
You feel sick.
You are no longer poisoned.
You block the worm's attack.
A goblin comes into view. It is wielding a +0 club.
The orc priest invokes the aid of Beogh against you.
Beogh smites you!
* * * LOW HITPOINT WARNING * * *
The orc hits you with a +0 hand axe.
* * * LOW HITPOINT WARNING * * *
You hit the worm. You headbutt the worm!
You kill the worm!
You barely miss the orc. The orc barely misses you. You furiously retaliate!
You headbutt the orc.
A rat comes into view.
Found 11 gold pieces.
The orc priest invokes the aid of Beogh against you.
Beogh smites you!
You die...

#.. #. #... .. #
#.... .# ... .....
.# .... .....##
.##....
#...$...........
##.###...#.#........
...)...#.@......./..
....................
.........o.........#
.......ooo.<.......#
............#......#
............#.......
....go....†.<.##.
......r.)...###
............#


You could see an orc priest, 4 orcs, a goblin and a rat.

Vanquished Creatures
  2 adders
  2 worms (D:3)
  A dart slug (D:1)
  5 ball pythons
  6 endoplasms
  3 giant cockroaches
  6 goblins
  4 hobgoblins
  7 jackals
  7 bats
  2 frilled lizards
  A kobold (D:1)
  2 rats
48 creatures vanquished.

Notes
Turn   | Place    | Note
-------+----------+-------------------------------------------
     0 | D:1      | Fodor the Minotaur Fighter began the quest for the Orb.
     0 | D:1      | Reached XP level 1. HP: 19/19 MP: 0/0
   111 | D:1      | Reached XP level 2. HP: 27/27 MP: 1/1
   953 | D:1      | Reached XP level 3. HP: 33/33 MP: 2/2
  1187 | D:2      | Reached skill level 1 in Dodging
  1721 | D:3      | Reached XP level 4. HP: 22/40 MP: 3/3
  1721 | D:3      | HP: 2/40 [orc/+0 hand axe (6)]
  1728 | D:3      | Killed from afar by an orc priest

Illustrated notes

Levels and vault maps discovered:
D:1:      onia_arrival_pyramid, layout_basic
D:2:      layout_basic, grunt_decor_one_mirror
D:3:      layout_rooms, shapermc_ecumenical_altar_hornbeckon,
          portal_sewer_entry_e, gammafunk_ghost_abyssal_escape

Skill      XL: |  1  2  3 |
---------------+----------+-----
Armour         | 4 |  4.4
Fighting       | 4 |  4.1
Shields        | 4 |  4.2
Dodging        | 1 |  1.1
Axes           | 3 |  3.2
Stealth        | |  0.1

Action                     |  1- 3 |  4- 6 || total
---------------------------+-------+-------++-------
  Melee: War axe           |    79 |     2 ||    81
         Headbutt          |     6 |     1 ||     7
 Armour: Scale mail        |    56 |     1 ||    57
  Dodge: Dodged            |    36 |     1 ||    37
  Block: Buckler           |    23 |     1 ||    24

Table legend: (Time is in decaauts)
 A = Elapsed time spent in this place.
 B = Non-inter-level travel time spent in this place.
 C = Inter-level travel time spent in this place.
 D = Time resting spent in this place.
 E = Time spent auto-exploring this place.
 F = Levels seen in this place.
 G = Mean time per level.
                   A        B        C        D        E       F      G
               +--------+--------+--------+--------+--------+-----+--------+
         Total |   1759 |   1563 |    196 |      0 |      0 |   3 |  586.3 |
       Dungeon |   1759 |   1563 |    196 |      0 |      0 |   3 |  586.3 |
               +--------+--------+--------+--------+--------+-----+--------+

Top non-repeatable levels by time:
     D:1: 1165 daAuts
     D:2: 575 daAuts
     D:3: 19 daAuts
